AoeStats
← Big Matthew

Arabia

510412293Analyzed
1v1 RM · 13h ago on Sep 30, 2026· 32m 41s· 2 players
Game mode
Random Map
Map size
Tiny (2 player)
Population
200
Speed
Normal
Resources
Standard
Victory
Conquest
Starting age
Dark Age
Ending age
Imperial Age
RankedLock teamsTeams togetherTeam positionsShared explorationLock speedFull tech treeHidden civsTurbo modeCheats
Victory
Defeat
🇺🇸 Malians · United States
519
+16
🇨🇱 Spanish · Chile
526
-16
Big Matthew
3:56 Loom
11:41 Feudal Age
17:38 Castle Age
16:03 Gold Mining
17:09 Forging
16:42 Man-at-Arms
18:44 Fletching
18:51 Stone Mining
22:16 Squires
24:08 Town Watch
24:17 Elite Skirmisher
24:41 Treadmill Crane
25:21 Horse Collar
26:44 Scale Barding Armor
28:29 Murder Holes
29:53 Double-Bit Axe
31:13 Wheelbarrow
31:40 Bloodlines
31:31 Husbandry
32:49 Bow Saw
WearifulHalo272
15:00 Feudal Age
18:14 Horse Collar
18:30 Double-Bit Axe
21:44 Bloodlines
22:03 Fletching
24:42 Man-at-Arms
29:42 Castle Age
29:51 Castle Age
29:57 Castle Age
30:18 Castle Age
31:28 Bow Saw
31:23 Heavy Plow
32:14 Light Cavalry
32:54 Husbandry
32:14 Elite Skirmisher
32:14 Elite Skirmisher
33:01 Padded Archer Armor
33:11 Forging
33:06 Scale Barding Armor
32:57 Bodkin Arrow
33:02 Scale Mail Armor
Connection lost

Rejoining the realm…

Still unreachable

The connection could not be restored.

Session expired

The server has moved on; the page needs a fresh start.